 Dungeon Crawl Stone Soup version 0.18-a0-1577-gf591c28 (console) character file.

44 Liam the Conjurer (level 3, 0/19 HPs)
             Began as a Deep Elf Conjurer on Mar 22, 2016.
             Slain by a gnoll
             ... wielding a +0 halberd
              (5 damage)
             ... on level 2 of the Dungeon.
             The game lasted 00:01:19 (983 turns).

Liam the Conjurer (Deep Elf Conjurer)                Turns: 983, Time: 00:01:20

Health: 0/19       AC:  3    Str:  5    XL:     3   Next: 41%
Magic:  2/10       EV: 13    Int: 20    God:
Gold:   34         SH:  0    Dex: 15    Spells: 1 memorised, 9 levels left

rFire  . . .     SeeInvis .     (no weapon)
rCold  . . .     Gourm    .     a - +0 robe
rNeg   . . .     Faith    .     (no shield)
rPois  .         Spirit   .     (no helmet)
rElec  .         Dismiss  .     (no cloak)
rCorr  .         Reflect  .     (no gloves)
SustAt .         Harm     .     d - +0 pair of boots
MR     .....                    (no amulet)
Stlth  ++........               (no ring)
                                (no ring)

@: not resistant to hostile enchantments, unstealthy
A: no striking features
a: no special abilities


You were on level 2 of the Dungeon.
You were not hungry.

You visited 1 branch of the dungeon, and saw 2 of its levels.

You collected 34 gold pieces.

Inventory:

Armour
 a - a +0 robe (worn)
 d - a +0 pair of boots (worn)
Potions
 e - a potion of berserk rage {unknown}
 h - a potion of agility {unknown}
Books
 b - a book of Conjurations

   Spells                             Type                      Level
   a - Magic Dart                     Conjuration                  1
   b - Searing Ray                    Conjuration                  2
   c - Dazzling Spray                 Conjuration/Hexes            3
   d - Fulminant Prism                Conjuration/Hexes            4
   e - Iskenderun's Mystic Blast      Conjuration                  4
   f - Iskenderun's Battlesphere      Conjuration/Charms           5
Comestibles
 c - 3 bread rations
 f - a slice of pizza
 g - a beef jerky


   Skills:
 - Level 2.4 Dodging
 - Level 2.4 Stealth
 + Level 4.0 Spellcasting
 + Level 5.2 Conjurations


You had 9 spell levels left.
You knew the following spells:

 Your Spells              Type           Power        Failure   Level  Hunger
a - Magic Dart            Conj           ####         1%          1    None


Dungeon Overview and Level Annotations

Branches:
Dungeon (2/15)

Altars:


Message History

Casting: Magic Dart
Confirm with . or Enter, or press ? or * to list all spells.
You don't have enough magic to cast that spell.
Unknown command.
You try to slip out of the net.
The gnoll completely misses you.
You slip out of the net!
The gnoll closely misses you.
You barely miss the hobgoblin. The hobgoblin misses you.
The gnoll closely misses you.
Casting: Magic Dart
Confirm with . or Enter, or press ? or * to list all spells.
Aiming: Magic Dart
Press: ? - help, Shift-Dir - straight line, f/p - gnoll
Aim: a gnoll, wielding a halberd (moderately wounded)
The magic dart hits the hobgoblin.
The hobgoblin is almost dead.
The hobgoblin hits you with a club.
The gnoll hits you from afar with a halberd!
* * * LOW HITPOINT WARNING * * *
The gnoll hits you from afar with a halberd.
You die...

#....##...#........#.PPPPP.
#....###.##..##.#.##.P♣♣♣..
#....#.......##......P♣ .
#....#................♣
#....#.......#.##.##.PPP.
#####....###.##..#g...##.....
#................g........P..
####..<..##.##..#....##..♣♣♣
#.......)..@g........P
#....................P
#.....................
#.......###..#..#..#..
#.####................ #.
#.......#........ #.
#..##...#.....#.. #...#.....#


You could see 2 gnolls and a hobgoblin.

Vanquished Creatures
  A gnoll (D:2)
  A dart slug (D:1)
  A giant gecko (D:1)
  5 bats
  2 giant cockroaches (D:1)
  4 goblins (D:1)
  3 hobgoblins (D:1)
  2 jackals (D:1)
  4 kobolds (D:1)
  2 ball pythons (D:1)
  3 giant newts (D:1)
  A rat (D:1)
29 creatures vanquished.

Notes
Turn   | Place    | Note
--------------------------------------------------------------
     0 | D:1      | Liam the Deep Elf Conjurer began the quest for the Orb.
     0 | D:1      | Reached XP level 1. HP: 10/10 MP: 6/6
   124 | D:1      | Reached XP level 2. HP: 15/15 MP: 5/8
   572 | D:1      | Reached skill level 5 in Conjurations
   698 | D:1      | Reached XP level 3. HP: 19/19 MP: 3/10
   983 | D:2      | Slain by a gnoll

Vault maps used:
D:1:      zelgadis_glass_arrival_small, serial_curves, eino_curves_04,
          eino_curves_01
D:2:      kennysheep_the_goblin_king, xom_redecorated, minmay_misc_feat_five,
          kennysheep_boxes

Skill      XL: |  1  2  3 |
---------------+----------+-----
Conjurations   | 5 |  5.2
Spellcasting   | 4 |  4.0
Dodging        | |  2.4
Stealth        | |  2.4

Action                   || total
-------------------------++-------
Melee: Unarmed           ||     1
 Cast: Magic Dart        ||    63
